AoeStats
← 568140083

Black Forest

510528554Analyzed
4v4 RM · 2d ago on Oct 1, 2026· 73m 13s· 8 players
Game mode
Random Map
Map size
Large (8 player)
Population
200
Speed
Normal
Resources
Standard
Victory
Conquest
Starting age
Dark Age
Ending age
Imperial Age
RankedLock teamsTeams togetherTeam positionsShared explorationLock speedFull tech treeHidden civsTurbo modeCheats
Victory
Defeat
🇫🇷 Japanese · France
833
+16
🇨🇳 Bohemians · China
814
+16
🇩🇪 Britons · Germany
811
+17
🇸🇦 Turks · Saudi Arabia
768
+18
🇮🇩 Goths · Indonesia
887
-20
🇨🇳 Hindustanis · China
860
-18
🇧🇷 Italians · Brazil
816
-16
🇦🇷 Ethiopians · Argentina
725
-13
SHiRoNix
11:22 Feudal Age
16:02 Castle Age
13:55 Double-Bit Axe
14:56 Horse Collar
17:34 Wheelbarrow
17:13 Bow Saw
17:17 Heavy Plow
22:00 Scale Mail Armor
22:57 Hand Cart
22:46 Gold Mining
22:48 Stone Mining
25:13 Forging
25:19 Chain Mail Armor
27:02 Iron Casting
26:30 Padded Archer Armor
26:21 Fletching
27:11 Gold Shaft Mining
27:17 Caravan
29:37 Scale Barding Armor
29:28 Bodkin Arrow
29:49 Leather Archer Armor
32:25 Treadmill Crane
33:09 Ballistics
33:04 Bodkin Arrow
33:25 Leather Archer Armor
35:47 Imperial Age
33:05 Loom
33:06 Town Watch
32:51 Pikeman
33:32 Squires
33:29 Arson
33:58 Scale Barding Armor
34:52 Yeomen
35:46 Masonry
35:33 Murder Holes
35:48 Fortified Wall
36:32 Bracer
37:02 Ring Archer Armor
36:08 Elite Longbowman
37:10 Conscription
37:56 Blast Furnace
37:26 Plate Mail Armor
36:23 Halberdier
38:34 Chemistry
37:21 Arrowslits
38:07 Architecture
37:42 Siege Engineers
37:29 Guard Tower
38:23 Town Patrol
38:51 Chain Barding Armor
38:47 Warwolf
40:30 Guilds
40:51 Coinage
42:20 Two-Man Saw
43:34 Banking
46:15 Man-at-Arms
46:41 Gambesons
51:43 Plate Barding Armor
53:11 Keep
F-I-R-O
1:15 Loom
18:03 Feudal Age
21:23 Double-Bit Axe
24:08 Castle Age
22:27 Horse Collar
26:19 Bow Saw
30:07 Gold Mining
31:48 Heavy Plow
31:41 Stone Mining
33:06 Wheelbarrow
34:12 Hand Cart
37:31 Gold Shaft Mining
38:20 Scale Mail Armor
38:30 Forging
38:23 Padded Archer Armor
38:13 Fletching
38:32 Thumb Ring
37:49 Elite Skirmisher
42:08 Imperial Age
40:51 Caravan
40:17 Pikeman
40:58 Squires
40:44 Arson
40:45 Gambesons
41:25 Chain Mail Armor
41:45 Iron Casting
41:33 Ballistics
42:47 Iron Casting
44:46 Conscription
45:56 Two-Man Saw
45:54 Plate Mail Armor
46:24 Blast Furnace
46:25 Halberdier
46:31 Elite Samurai
47:32 Kataparuto
48:48 Blast Furnace
48:53 Chemistry
50:09 Leather Archer Armor
49:49 Bodkin Arrow
50:04 Siege Engineers
50:32 Heavy Scorpion
TAGRNM
0:28 Loom
13:15 Feudal Age
17:03 Castle Age
15:17 Horse Collar
15:25 Double-Bit Axe
19:41 Fervor
21:47 Chemistry
27:45 Wheelbarrow
27:54 Heavy Plow
29:26 Hand Cart
34:04 Imperial Age
31:21 Town Watch
32:41 Padded Archer Armor
33:52 Sanctity
35:33 Leather Archer Armor
36:20 Murder Holes
37:20 Conscription
38:04 Ring Archer Armor
40:51 Siege Engineers
41:16 Hussite Reforms
41:31 Block Printing
42:21 Town Patrol
45:09 Houfnice
47:40 Masonry
47:51 Ballistics
50:08 Wagenburg Tactics
53:13 Architecture
53:05 Bombard Tower
xTc
12:23 Feudal Age
17:25 Castle Age
18:21 Double-Bit Axe
19:59 Horse Collar
30:00 Wheelbarrow
30:17 Gold Mining
30:18 Stone Mining
33:02 Imperial Age
31:10 Caravan
35:00 Gold Shaft Mining
34:45 Bow Saw
34:38 Heavy Plow
34:38 Elite Janissary
36:45 Hand Cart
40:06 Coinage
39:47 Guilds
40:02 Ballistics
41:35 Two-Man Saw
41:52 Banking
42:15 Artillery
45:01 Loom
45:02 Town Watch
49:04 Padded Archer Armor
48:54 Fletching
49:14 Forging
56:38 Leather Archer Armor
56:19 Bodkin Arrow
56:59 Iron Casting
63:53 Ring Archer Armor
63:24 Bracer
64:24 Blast Furnace
Carpeado BR
0:32 Loom
14:16 Feudal Age
19:28 Castle Age
19:18 Double-Bit Axe
19:39 Horse Collar
21:06 Wheelbarrow
23:25 Fortified Wall
25:34 Fishing Lines
26:37 Ballistics
26:50 Heavy Plow
29:17 Gold Mining
29:17 Stone Mining
30:17 Gillnets
32:35 Bow Saw
34:55 Stone Shaft Mining
34:10 Treadmill Crane
34:41 Masonry
34:27 Murder Holes
35:42 Silk Road
37:14 Hand Cart
36:46 Town Watch
39:34 Fletching
39:45 Padded Archer Armor
44:38 Imperial Age
42:28 Caravan
45:01 Arson
46:59 Scale Mail Armor
47:09 Forging
46:55 Bodkin Arrow
47:16 Leather Archer Armor
46:28 Elite Genoese Crossbowman
47:44 Hoardings
47:32 Conscription
47:23 Pirotechnia
47:23 Thumb Ring
48:24 Chemistry
47:55 Architecture
47:49 Squires
50:35 Chain Mail Armor
50:56 Iron Casting
50:53 Ring Archer Armor
54:14 Plate Mail Armor
56:00 Elite Skirmisher
56:48 Bracer
57:49 Blast Furnace
AlandorH
0:31 Loom
12:09 Feudal Age
14:37 Double-Bit Axe
21:51 Castle Age
20:37 Stone Mining
23:43 Fishing Lines
27:30 Crossbowman
29:12 Wheelbarrow
28:23 Town Watch
29:11 Horse Collar
31:24 Gold Mining
31:38 Heavy Plow
31:52 Bow Saw
32:43 Thumb Ring
37:10 Imperial Age
34:58 Caravan
35:46 Ballistics
35:37 Masonry
37:39 Hand Cart
37:18 Fletching
37:28 Padded Archer Armor
38:55 Conscription
38:56 Leather Archer Armor
38:36 Bodkin Arrow
40:42 Two-Man Saw
40:45 Chemistry
40:18 Guilds
40:21 Arbalester
43:32 Siege Engineers
43:57 Architecture
49:08 Bracer
49:39 Ring Archer Armor
52:53 Elite Shotel Warrior
55:48 Fortified Wall
57:56 Scale Mail Armor
58:06 Forging
59:18 Squires
60:47 Husbandry
60:10 Elite Skirmisher
61:32 Chain Mail Armor
61:52 Iron Casting
62:54 Plate Mail Armor
67:18 Blast Furnace
67:28 Town Patrol
GibranRakatiwing
0:30 Loom
15:13 Feudal Age
15:36 Horse Collar
15:43 Double-Bit Axe
15:21 Man-at-Arms
16:13 Gold Mining
16:16 Stone Mining
17:11 Forging
17:02 Scale Mail Armor
20:26 Wheelbarrow
25:03 Castle Age
26:15 Squires
26:56 Iron Casting
26:37 Chain Mail Armor
26:24 Heavy Plow
26:50 Caravan
27:22 Coinage
28:30 Anarchy
28:07 Long Swordsman
32:36 Bow Saw
33:18 Sanctity
33:09 Fervor
40:34 Imperial Age
38:27 Hand Cart
41:40 Conscription
42:42 Blast Furnace
41:33 Fletching
41:44 Padded Archer Armor
41:52 Devotion
43:46 Crop Rotation
42:48 Elite Huskarl
44:15 Banking
43:55 Guilds
44:42 Perfusion
48:37 Town Watch
60:36 Bodkin Arrow
60:57 Leather Archer Armor
61:59 Bracer
62:15 Elite Skirmisher
65:44 Ring Archer Armor
66:34 Chemistry
65:56 Ballistics
568140083
0:50 Loom
13:53 Feudal Age
14:24 Town Watch
18:31 Wheelbarrow
20:44 Horse Collar
20:52 Double-Bit Axe
21:04 Fishing Lines
25:22 Castle Age
24:03 Fletching
24:24 Forging
24:14 Padded Archer Armor
24:23 Stone Mining
26:04 Gillnets
28:55 Bow Saw
31:08 Hand Cart
31:25 Scale Mail Armor
34:07 Grand Trunk Road
37:19 Imperial Age
35:55 Ballistics
35:30 Murder Holes
36:36 Iron Casting
36:07 Scale Barding Armor
37:10 Gold Mining
37:18 Bodkin Arrow
37:38 Leather Archer Armor
37:38 Chain Mail Armor
37:55 Town Patrol
38:28 Conscription
38:19 Husbandry
38:41 Bloodlines
37:51 Heavy Camel Rider
38:56 Chain Barding Armor
38:39 Squires
39:49 Chemistry
38:23 Elite Skirmisher
39:49 Gold Shaft Mining
39:49 Stone Shaft Mining
40:28 Blast Furnace
39:28 Bracer
39:52 Thumb Ring
40:41 Plate Barding Armor
40:37 Ring Archer Armor
40:15 Bracer
40:54 Ring Archer Armor
40:17 Arson
41:57 Heavy Plow
43:03 Two-Man Saw
42:08 Imperial Camel Rider
44:24 Light Cavalry
Connection lost

Rejoining the realm…

Still unreachable

The connection could not be restored.

Session expired

The server has moved on; the page needs a fresh start.